 Dungeon Crawl Stone Soup version 0.32-a0-841-g4648e6c457 (webtiles) character file.

Game seed: 17355210140566965862

1240 jlc4512 the Basher (level 8, -2/46 HPs)
             Began as a Gargoyle Fighter on Mar 26, 2024.
             Was a Believer of Zin.
             Slain by Duvessa
             ... wielding a +0 short sword
              (16 damage)
             ... on level 6 of the Dungeon.
             The game lasted 00:16:47 (4856 turns).

jlc4512 the Basher (Gargoyle Fighter)               Turns: 4856, Time: 00:16:47

Health: -2/46      AC: 21    Str: 21    XL:     8   Next: 49%
Magic:  8/8        EV:  8    Int: 12    God:    Zin [**....]
Gold:   98         SH:  6    Dex: 11    Spells: 7/7 levels left

rFire   . . .        w - +8 whip of Painnujeno {heavy, Will+ Int+4}
rCold   . . .        H - +2 buckler {AC+3}
rNeg    + . .        b - +0 scale mail
rPois   ∞            (no helmet)
rElec   +            n - +0 cloak
rCorr   .            r - +2 pair of gloves
SInv    +            c - +0 pair of boots
Will    +....        (no amulet) Stlth
                     e - ring of see invisible
HPRegen 0.27/turn    (no ring)
MPRegen 0.11/turn

%: no passive effects
@: no status effects
A: sickness immunity, AC +5, negative energy resistance 1, electricity
resistance, torment resistance 1, petrification resistance
a: Renounce Religion, Recite, Vitalisation, Donate Gold


You were on level 6 of the Dungeon.
You worshipped Zin.
Zin was pleased with you.
You visited 2 branches of the dungeon, and saw 7 of its levels.

You collected 275 gold pieces.
You spent 150 gold pieces at shops.
You donated 27 gold pieces to Zin.

Inventory:

Hand Weapons
 w - the +8 whip of Painnujeno (weapon) {heavy, Will+ Int+4}
   (You found it on level 3 of the Dungeon)

   Int+4:     It affects your intelligence (+4).
   Will+:     It increases your willpower.
 C - a +1 flail of protection
Missiles
 G - 3 javelins (quivered)
Armour
 b - a +0 scale mail (worn)
 c - a +0 pair of boots (worn)
 m - an orb of light
 n - a +0 cloak (worn)
 r - a +2 pair of gloves (worn)
 H - a +2 buckler of protection (worn)
Jewellery
 e - a ring of see invisible (left hand)
 E - a ring of magical power
Talismans
 g - a maw talisman
 l - a flux talisman
 v - a serpent talisman
Wands
 a - a wand of paralysis (3)
 B - a wand of flame (54)
 D - a wand of acid (1)
 F - a wand of iceblast (18)
Scrolls
 h - a scroll of identify
 i - 2 scrolls of enchant weapon {unknown}
 k - a scroll of blinking {unknown}
 y - a scroll of noise {unknown}
Potions
 d - a potion of might
 f - 2 potions of enlightenment
 j - a potion of curing
 q - a potion of haste
 s - a potion of magic
 t - a potion of invisibility
 x - a potion of berserk rage {unknown}
 z - a potion of heal wounds {unknown}


   Skills:
 * Level 3.4 Fighting
 - Level 10.0 Maces & Flails
 * Level 3.6 Armour
 * Level 3.4 Shields


You had 7 spell levels left.
You didn't know any spells.
Your spell library contained the following spells:

 Spells                   Type           Power      Damage    Failure   Level
 Magic Dart               Conj           0%         1d3       73%         1
 Shock                    Conj/Air       0%         1d3       73%         1
 Mercury Vapours          Alch/Air       0%         N/A       86%         2
 Searing Ray              Conj           0%         2d4       86%         2
 Call Canine Familiar     Summ           0%         N/A       97%         3
 Mephitic Cloud           Conj/Alch/Air  0%         N/A       97%         3
 Swiftness                Air            0%         N/A       97%         3
 Airstrike                Air            0%         2d(0-16)  100%        4
 Fulminant Prism          Conj/Alch      0%         3d5       100%        4
 Iskenderun's Mystic Bla  Conj/Tloc      0%         2d3       100%        4
 Freezing Cloud           Conj/Ice/Air   0%         6-21      100%        5
 Conjure Ball Lightning   Conj/Air       0%         3x3d6     100%        6
 Orb of Destruction       Conj           0%         9d5       100%        7


Dungeon Overview and Level Annotations

Branches:
Dungeon (6/15)             Temple (1/1) D:4

Altars:
Cheibriados
Elyvilon
Fedhas
Gozag
Hepliaklqana
Kikubaaqudgha
Nemelex Xobeh
Okawaru
Qazlal
Sif Muna
Trog
Vehumet
Wu Jian
Xom
Yredelemnul
Zin
The Shining One

Shops:
D:2 [   D:5 [

Annotations:
D:6 Duvessa


Innate Abilities, Weirdness & Mutations

You are immune to sickness and miasma.
Your stone body is resilient. (AC +5)
You are immune to poison.
You resist negative energy. (rN+)
You are resistant to electric shocks. (rElec)
You are resistant to unholy torment.
You are immune to petrification.


Message History

HP restored.
Found an escape hatch in the floor.
F - a wand of iceblast (18) (gained 8 charges)
There is an escape hatch in the floor here.
There is a stone staircase leading down here.
Duvessa, Sister of Dowan comes into view.
She is wielding a +0 short sword and wearing a +1 scale mail of cold resistance.
Duvessa goes berserk!
Duvessa rages.
Duvessa hits you but does no damage. Duvessa closely misses you.
You barely miss Duvessa. Duvessa hits you with a +0 short sword!
You barely miss Duvessa. Duvessa closely misses you.
Duvessa hits you with a +0 short sword.
You whack Duvessa!
Duvessa is lightly wounded.
You block Duvessa's attack.
You barely miss Duvessa.
Duvessa is lightly wounded.
Duvessa hits you but does no damage.
You closely miss Duvessa.
Duvessa is lightly wounded.
Duvessa hits you but does no damage. You block Duvessa's attack.
You completely miss Duvessa.
Duvessa is lightly wounded.
You block Duvessa's attack.
You whack Duvessa!
Duvessa is moderately wounded.
Duvessa hits you with a +0 short sword! Duvessa hits you with a +0 short sword.
You whack Duvessa!
Duvessa is heavily wounded.
Duvessa hits you with a +0 short sword!
You whack Duvessa!
Duvessa is severely wounded.
Duvessa hits you but does no damage.
You whack Duvessa!
Duvessa is severely wounded.
You block Duvessa's attack. Duvessa barely misses you.
You hit Duvessa.
Duvessa is almost dead.
Duvessa hits you with a +0 short sword!
You die...

... ##.## #. ...### ##..### #.
...... #.....### ## ......
##.......## # ...... #.........#
## #.....## ##.........##
########. #.....###...........#
#........ #......##)..........##
##.....##
##..#.........e@.....####......#
#####.................#........
####...........###.########
#...........# ### ##..(......##
###########


You could see Duvessa (berserk).

Vanquished Creatures
  An ice beast (D:5)
  A centaur (D:6)
  A phantom (D:5)
  A gnoll sergeant (D:6)
  A scorpion (D:5)
  Dowan (D:6)
  A howler monkey (D:6)
  A quasit (D:5)
  A gnoll bouda (D:6)
  3 hounds (D:6)
  3 bombardier beetles
  4 orc priests
  3 iguanas (D:4)
  An orc wizard (D:3)
  A sleepcap (D:4)
  11 gnolls
  9 adders
  A dart slug (D:2)
  A ribbon worm (D:4)
  22 orcs
  A ball python (D:2)
  4 endoplasms
  A giant cockroach (D:2)
  4 goblins
  7 hobgoblins
  12 jackals
  A quokka (D:4)
  4 bats
  A frilled lizard (D:1)
  A goblin skeleton (D:5)
  A goblin zombie (D:5)
  5 hobgoblin zombies (D:5)
  4 kobolds
  2 kobold zombies (D:5)
  2 orc zombies (D:5)
  7 rats
125 creatures vanquished.

Notes
Turn   | Place    | Note
-------+----------+-------------------------------------------
     0 | D:1      | jlc4512 the Gargoyle Fighter began the quest for the Orb.
     0 | D:1      | Reached XP level 1. HP: 14/14 MP: 1/1
   411 | D:1      | Reached XP level 2. HP: 18/19 MP: 2/2
   529 | D:1      | Reached skill level 3 in Maces & Flails
   966 | D:2      | Reached XP level 3. HP: 16/23 MP: 3/3
  1031 | D:2      | Found Cetsoqodd's Antique Armour Shoppe.
  1468 | D:3      | Got Kopruas's Vellum of the Impact and Bringing Forth
  1510 | D:3      | Reached skill level 4 in Maces & Flails
  1577 | D:3      | Found a hazy altar of Hepliaklqana.
  1738 | D:3      | Reached XP level 4. HP: 28/28 MP: 4/4
  1983 | D:3      | Reached skill level 5 in Maces & Flails
  1983 | D:3      | Reached XP level 5. HP: 23/32 MP: 5/5
  2192 | D:3      | Identified the +8 whip of Painnujeno {heavy, Will+ Int+4}
  2352 | D:3      | Found a snail-covered altar of Cheibriados.
  2470 | D:4      | Reached skill level 6 in Maces & Flails
  2470 | D:4      | Reached XP level 6. HP: 30/37 MP: 6/6
  2517 | D:4      | Found a staircase to the Ecumenical Temple.
  2899 | D:4      | Reached skill level 7 in Maces & Flails
  2952 | Temple   | Entered the Ecumenical Temple
  3072 | Temple   | Became a worshipper of Zin the Law-Giver
  3072 | Temple   | Reached * piety under Zin
  3110 | D:5      | Entered Level 5 of the Dungeon
  3110 | D:5      | Found Hisitur's Armour Shop.
  3135 | D:5      | Found a glowing golden altar of the Shining One.
  3145 | D:5      | Reached XP level 7. HP: 41/41 MP: 7/7
  3282 | D:5      | Reached skill level 8 in Maces & Flails
  3355 | D:5      | Reached ** piety under Zin
  3952 | D:2      | Bought a shiny buckler for 150 gold pieces
  4156 | D:6      | Reached skill level 9 in Maces & Flails
  4215 | D:6      | Reached XP level 8. HP: 46/46 MP: 8/8
  4513 | D:6      | Noticed Dowan
  4533 | D:6      | Killed Dowan
  4534 | D:6      | Reached skill level 10 in Maces & Flails
  4567 | D:6      | Found a shimmering altar of Xom.
  4633 | D:6      | Found a blossoming altar of Fedhas.
  4842 | D:6      | Noticed Duvessa
  4856 | D:6      | Slain by Duvessa

Illustrated notes

Levels and vault maps discovered:
D:1:      dpeg_arrival_chambers_temple_mockup, layout_rooms,
          minmay_misc_feat_secret_circle
D:2:      layout_basic, serial_shops, nicolae_shop_crystal
D:3:      layout_basic, nicolae_hepliaklqana_hippocampus, chei_slow_surprise,
          hangedman_feature_mirror, kennysheep_potato
D:4:      layout_rooms, minmay_temple_entry_proselytizer
D:5:      layout_rooms, nicolae_tso_besieged_by_evil, serial_shops,
          nicolae_stop_n_shop_2, kennysheep_pointless_box,
          hangedman_decor_slide_cut, st_stairs_7
D:6:      layout_cave_pods, led_xom_imps, fedhas_bush_and_centaur_altar,
          minmay_fractal_squares_gapless_5, uniq_duvessa
Temple:   hc_temple_tempest_star

Skill      XL: |  1  2  3  4  5  6  7  8 |
---------------+-------------------------+-----
Maces & Flails | 3 4 5 6 7 9 10 | 10.0
Fighting       | |  3.4
Armour         | |  3.6
Shields        | |  3.4

Action                     |  1- 3 |  4- 6 |  7- 9 || total
---------------------------+-------+-------+-------++-------
  Melee: Flail             |   129 |    18 |       ||   147
         Morningstar       |       |    37 |       ||    37
         Whip              |       |    73 |   158 ||   231
    Use: Scroll            |       |       |     5 ||     5
 Armour: Scale mail        |   113 |    89 |   109 ||   311
  Dodge: Dodged            |    65 |    44 |    60 ||   169
  Block: Buckler           |    41 |    26 |    33 ||   100

Table legend: (Time is in decaauts)
 A = Elapsed time spent in this place.
 B = Non-inter-level travel time spent in this place.
 C = Inter-level travel time spent in this place.
 D = Time resting spent in this place.
 E = Time spent auto-exploring this place.
 F = Levels seen in this place.
 G = Mean time per level.
                   A        B        C        D        E       F      G
               +--------+--------+--------+--------+--------+-----+--------+
         Total |   4937 |   4616 |    321 |    329 |   2806 |   7 |  705.3 |
       Dungeon |   4789 |   4484 |    305 |    329 |   2806 |   6 |  798.2 |
        Temple |    147 |    131 |     16 |      0 |      0 |   1 |  147.0 |
               +--------+--------+--------+--------+--------+-----+--------+

Top non-repeatable levels by time:
     D:3: 1235 daAuts
     D:2: 922 daAuts
     D:6: 738 daAuts
     D:5: 705 daAuts
     D:1: 624 daAuts
     D:4: 563 daAuts
  Temple: 147 daAuts
